 Dungeon Crawl Stone Soup version 0.21-a0-536-gdbbf329 (webtiles) character file.

49 Gerstahl the Skirmisher (level 3, -7/30 HPs)
             Began as a Demonspawn Monk on Dec 15, 2017.
             Was a Believer of Dithmenos.
             Mangled by an orc warrior
             ... wielding a +1 halberd of flaming
              (18 damage)
             ... on level 1 of the Dungeon.
             The game lasted 00:02:14 (983 turns).

Gerstahl the Skirmisher (Demonspawn Monk)            Turns: 983, Time: 00:02:14

Health: -7/30      AC:  4    Str: 11    XL:     3   Next: 51%
Magic:  3/3        EV: 13    Int: 11    God:    Dithmenos [**....]
Gold:   52         SH:  0    Dex: 16    Spells: 2/2 levels left

rFire    . . .     SeeInvis .   a - +0 falchion
rCold    . . .     Gourm    .   (no shield)
rNeg     . . .     Faith    .   b - +0 robe
rPois    .         Spirit   .   (no helmet)
rElec    .         Reflect  .   (no cloak)
rCorr    .         Harm     .   (no gloves)
MR       .....                  (no boots)
Stlth    ++........             (no amulet)
HPRegen  0.10/turn              (no ring)
MPRegen  0.08/turn              (no ring)

@: wreathed by umbra, drained
A: iridescent scales 1, powered by death 1
a: Shadow Step, Renounce Religion


You were on level 1 of the Dungeon.
You worshipped Dithmenos.
Dithmenos was pleased with you.
You were not hungry.

You visited 1 branch of the dungeon, and saw 2 of its levels.

You collected 52 gold pieces.

Inventory:

Hand Weapons
 a - a +0 falchion (weapon)
Armour
 b - a +0 robe (worn)
Jewellery
 n - an uncursed amulet of regeneration {unknown}
Scrolls
 d - a scroll of noise {unknown}
 e - a scroll of enchant weapon {unknown}
 f - 2 scrolls of teleportation {unknown}
 i - 2 scrolls of remove curse {unknown}
 o - a scroll of magic mapping {unknown}
Potions
 g - 2 potions of might {unknown}
 h - a potion of mutation {unknown}
 l - a potion of berserk rage {unknown}
Books
 m - a book of Misfortune

   Spells                             Type                      Level
   a - Confusing Touch                Hexes                        1
   b - Confuse                        Hexes                        3
   c - Gell's Gravitas                Translocation                3
   d - Petrify                        Transmutation/Earth          4
   e - Metabolic Englaciation         Hexes/Ice                    5
   f - Yara's Violent Unravelling     Hexes/Transmutation          5
Comestibles
 c - 3 bread rations
 j - a royal jelly
 k - 2 chunks of flesh


   Skills:
 + Level 3.8(3.4) Fighting
 + Level 3.5(3.0) Long Blades
 - Level 2.6(2.2) Dodging
 - Level 1.7(1.3) Stealth


You had 2 spell levels left.
You didn't know any spells.

Dungeon Overview and Level Annotations

Branches:
Dungeon (2/15)

Altars:
Dithmenos
Qazlal
Sif Muna

Annotations:
D:2 1 runed door


Innate Abilities, Weirdness & Mutations

You are partially covered in iridescent scales. (AC +2)
You regenerate a little health from kills.


Message History

Level annotation: 1 runed door The orc warrior hits you with a halberd of flaming!
The orc warrior burns you. The kobold hits you but does no damage.
There is a stone staircase leading up here.
The orc warrior barely misses you.
You riposte.
You hit the orc warrior.
The orc warrior is lightly wounded.
The kobold hits you but does no damage.
You climb upwards.
There is a stone staircase leading down here.
You barely miss the orc warrior.
The orc warrior is lightly wounded.
The kobold completely misses you. The orc warrior closely misses you.
The kobold hits you but does no damage.
You hit the orc warrior but do no damage.
The orc warrior is lightly wounded.
The orc warrior hits you with a halberd of flaming!
The orc warrior burns you. The kobold hits you but does no damage.
The orc warrior hits you from afar with a halberd of flaming!!
Ouch! That really hurt!
You die...

..........##..(.........###.#
##....###...####........##..#
...##.# ###...###.......##.##
#####.# ###....#########.#
#..# ####.##### #.# ##.##
#.....# #.#
###..###########.....#
##.######
..............oK.....#
#.....#..
#######........>@....#
#.###.'.⌠
........############.####.#
###.. ######### #...##.# ##.
# ###>#..# #. # #...## ##. #
###.# #.. # ### #.⌠ # #.. ##.


You could see an orc warrior and a kobold.

Vanquished Creatures
  An adder (D:2)
  3 dart slugs
  A leopard gecko (D:2)
  An orc (D:2)
  A ball python (D:2)
  5 bats
  2 giant cockroaches
  3 hobgoblins (D:1)
  6 kobolds
  3 frilled lizards (D:1)
  3 goblins (D:2)
  3 rats
32 creatures vanquished.

Notes
Turn   | Place    | Note
-------+----------+-------------------------------------------
     0 | D:1      | Gerstahl the Demonspawn Monk began the quest for the Orb.
     0 | D:1      | Reached XP level 1. HP: 18/18 MP: 1/1
   224 | D:1      | Gained mutation: You are partially covered in iridescent scales. (AC +2) [demonic ancestry]
   224 | D:1      | Reached XP level 2. HP: 16/24 MP: 2/2
   654 | D:2      | Gained mutation: You regenerate a little health from kills. [demonic ancestry]
   654 | D:2      | Reached XP level 3. HP: 29/30 MP: 3/3
   725 | D:2      | Found a shadowy altar of Dithmenos.
   733 | D:2      | Became a worshipper of Dithmenos the Shadowed
   733 | D:2      | Reached * piety under Dithmenos
   733 | D:2      | Reached ** piety under Dithmenos
   770 | D:2      | Found a deep blue altar of Sif Muna.
   787 | D:2      | Found a stormy altar of Qazlal.
   868 | D:2      | Found a runed door.
   915 | D:2      | Noticed an orc warrior
   983 | D:1      | Mangled by an orc warrior

Vault maps used:
D:1:      minmay_arrival_nine_rooms
D:2:      grunt_temple_overflow_growth_and_decay,
          nicolae_qazlal_eye_of_the_storm, lemuel_crystal_altar,
          nicolae_overflow_crystal_walls, uniq_crazy_yiuf_cottage

Skill      XL: |  1 |
---------------+----+-----
Long Blades    | 3 |  3.5
Fighting       | |  3.8
Dodging        | |  2.6
Stealth        | |  1.7

Action                   || total
-------------------------++-------
Melee: Falchion          ||    87
 Stab: Sleeping          ||     3
Armor: Robe              ||    21
Dodge: Dodged            ||    72
       Rpst.: Falchion   ||    29

Table legend:
 A = Spawn XP
 B = Non-spawn XP
 C = Spawn XP percentage of total XP
 D = Spawn monster count
 E = Non-spawn monster count
 F = Spawn count percentage of total count
 G = Total turns spent on level
                    A         B        C        D         E        F      G
               +---------+---------+-------+---------+---------+-------+---------
         Total |       0 |      70 |   0.0 |       0 |      32 |   0.0 |   983
               +---------+---------+-------+---------+---------+-------+---------
           D:1 |       0 |      28 |   0.0 |       0 |      18 |   0.0 |   611
           D:2 |       0 |      42 |   0.0 |       0 |      14 |   0.0 |   372
               +---------+---------+-------+---------+---------+-------+---------
